 Dungeon Crawl Stone Soup version 0.22-a0-422-g9628fc8 (webtiles) character file.

25 Joshtr2000 the Grave Robber (level 2, 0/13 HPs)
             Began as a Spriggan Necromancer on May 16, 2018.
             Slain by a kobold (3 damage)
             ... on level 1 of the Dungeon.
             The game lasted 00:07:03 (875 turns).

Joshtr2000 the Grave Robber (Spriggan Necromancer)   Turns: 875, Time: 00:07:03

Health: 0/13       AC:  2    Str:  4    XL:     2   Next: 86%
Magic:  4/6        EV: 21    Int: 16    God:
Gold:   76         SH:  0    Dex: 16    Spells: 4/6 levels left

rFire    . . .     SeeInvis +   j - +0 dagger (freeze)
rCold    . . .     Gourm    .   (shield restricted)
rNeg     . . .     Faith    .   a - +0 robe
rPois    .         Spirit   .   (helmet restricted)
rElec    .         Reflect  .   (no cloak)
rCorr    .         Harm     .   (gloves unavailable)
MR       .....                  (boots unavailable)
Stlth    ++........             (no amulet)
HPRegen  0.04/turn              i - +3 ring of evasion
MPRegen  0.10/turn              (no ring)

@: very quick
A: very small, unfitting armour, see invisible, herbivore, speed 3, slow
metabolism 2
a: no special abilities


You were on level 1 of the Dungeon.
You were not hungry.

You visited 1 branch of the dungeon, and saw 1 of its levels.

You collected 76 gold pieces.

Inventory:

Hand Weapons
 g - a +0 spear
 j - a +0 dagger of freezing (weapon)
Missiles
 d - 22 sling bullets
 f - 18 arrows
Armour
 a - a +0 robe (worn)
Jewellery
 i - a +3 ring of evasion (left hand)
Scrolls
 b - a scroll of teleportation {unknown}
 e - a scroll of noise {unknown}
 h - a scroll of immolation {unknown}
Comestibles
 c - 2 rations


   Skills:
 - Level 3.0 Dodging
 - Level 3.0 Stealth
 - Level 2.6 Spellcasting
 + Level 4.5 Necromancy


You had 4 spell levels left.
You knew the following spells:

 Your Spells              Type           Power        Failure   Level  Hunger
a - Pain                  Necr           ###.         3%          1    #......
b - Animate Skeleton      Necr           N/A          3%          1    #......

Your spell library contained the following spells:

 Spells                   Type           Power        Failure   Level  Hunger
 Animate Dead             Necr           N/A          30%         4    #####..
 Vampiric Draining        Necr           ###.......   9%          3    ###....
 Regeneration             Chrm/Necr      #.........   22%         3    ###....


Dungeon Overview and Level Annotations

Branches:
Dungeon (1/15)

Altars:


Innate Abilities, Weirdness & Mutations

You are very small and have problems with some larger weapons.
You are too small for most types of armour.
You have supernaturally acute eyesight. (SInv)
You are a herbivore.
You cover ground extremely quickly.
You need to consume almost no food.


Message History

Press: ? - help, Shift-Dir - straight line, f - kobold
Aim: a kobold (hasn't noticed you, chance to defeat MR: 87%)
The kobold shouts!
The kobold writhes in agony!
Casting: Pain (safe; 3% risk of failure)
Confirm with . or Enter, or press ? or * to list all spells.
Aiming: Pain (safe; 3% risk of failure)
Press: ? - help, Shift-Dir - straight line, f/p - kobold
Aim: a kobold (severely wounded, chance to defeat MR: 87%)
The kobold barely resists.
Casting: Pain (safe; 3% risk of failure)
Confirm with . or Enter, or press ? or * to list all spells.
Okay, then.
You closely miss the kobold.
The kobold is severely wounded.
The kobold completely misses you.
You hit the kobold but do no damage.
The kobold is severely wounded.
The kobold hits you.
You die...

#..... ######.....
........... .
........... ..
#######........###.
...##
#............g# #.
...###.............
#.
....+...........b
#.
K.#.#K@..........
##.
#.#.†)##########
#.. #.#.#####.# #.#
#.#.......# #.#
#.#.......# #..
##.#.).....# ###
#.%.%....#.# #
#.###.....$. #
#...#....#.# #


You could see a kobold.

Vanquished Creatures
  An ooze (D:1)
  A goblin (D:1)
  2 hobgoblins (D:1)
  4 jackals (D:1)
  3 kobolds (D:1)
  2 bats (D:1)
  4 rats (D:1)
17 creatures vanquished.

Vanquished Creatures (collateral kills)
  A dart slug (D:1)
  A ball python (D:1)
  A goblin (D:1)
3 creatures vanquished.

Grand Total: 20 creatures vanquished

Notes
Turn   | Place    | Note
-------+----------+-------------------------------------------
     0 | D:1      | Joshtr2000 the Spriggan Necromancer began the quest for the Orb.
     0 | D:1      | Reached XP level 1. HP: 9/9 MP: 5/5
     5 | D:1      | Learned a level 1 spell: Animate Skeleton
   293 | D:1      | Reached skill level 4 in Necromancy
   293 | D:1      | Reached XP level 2. HP: 4/13 MP: 0/6
   875 | D:1      | Slain by a kobold

Vault maps used:
D:1:      erik_arrival_triangle_huge

Skill      XL: |  1 |
---------------+----+-----
Necromancy     | 4 |  4.5
Dodging        | |  3.0
Stealth        | |  3.0
Spellcasting   | |  2.6

Action                   || total
-------------------------++-------
Melee: Dagger            ||     2
 Cast: Pain              ||    34
       Animate Skeleton  ||     6
Armor: Robe              ||     1
Dodge: Dodged            ||    15

Table legend:
 A = Spawn XP
 B = Non-spawn XP
 C = Spawn XP percentage of total XP
 D = Spawn monster count
 E = Non-spawn monster count
 F = Spawn count percentage of total count
 G = Total turns spent on level
                    A         B        C        D         E        F      G
               +---------+---------+-------+---------+---------+-------+---------
         Total |       0 |      37 |   0.0 |       0 |      20 |   0.0 |   875
               +---------+---------+-------+---------+---------+-------+---------
           D:1 |       0 |      37 |   0.0 |       0 |      20 |   0.0 |   875
               +---------+---------+-------+---------+---------+-------+---------
